[Event "3rd FIDE WCCC Rapid U12 2019"]
[Site "Minsk"]
[Date "2019.08.17"]
[Round "7.6"]
[White "Shinkarov, Artem"]
[Black "Khubukshanov, Erdem"]
[Result "0-1"]
[ECO "D45"]
[WhiteElo "1798"]
[BlackElo "2257"]
[Annotator "ChessBase"]
[PlyCount "108"]
[EventDate "2019.08.16"]
[EventType "swiss"]
[EventCountry "BLR"]
[SourceTitle "playchess.com"]
[Source "ChessBase"]
[SourceQuality "1"]
[TimeControl "600+5"]

1. d4 d5 2. c4 e6 3. Nc3 c6 4. e3 Nf6 5. Nf3 Nbd7 6. g3 dxc4 7. Bxc4 Be7 8. Bf1 O-O 9. Bg2 b6 10. O-O Bb7 11. Qe2 c5 12. Rd1 Qc7 13. e4 cxd4 14. Nxd4 a6 15. Be3 Rad8 16. Rac1 Qb8 17. Nb3 Qa8 18. f3 Rc8 19. Na4 b5 20. Nac5 Nxc5 21. Nxc5 Bc6 22. Bh3 Kh8 23. b4 a5 24. bxa5 Qxa5 25. Nb3 Qa8 26. Nd4 b4 27. Bf1 Ba4 28. Nb3 Nd7 29. Qf2 Rfd8 30. Rxc8 Qxc8 31. Rc1 Qa8 32. Qc2 Ne5 33. Be2 h6 34. f4 Nd7 35. Bf3 e5 36. Bg2 Qa6 37. Qc4 Qxc4 38. Rxc4 exf4 39. gxf4 Nf6 40. Rc7 Ng4 41. Rxe7 Rd1+ 42. Bf1 Nxe3 43. Kf2 Nxf1 44. Rxf7 Nd2 45. Rf8+ Kh7 46. Rb8 Nxe4+ 47. Ke3 Re1+ 48. Kf3 Bc6 49. Nd4 Bd5 50. Kg4 Rg1+ 51. Kf5 Nf6 52. Rxb4 Re1 53. a4 Re7 54. Rb6 Be4# 0-1

[Event "3rd FIDE WCCC Rapid U12 2019"]
[Site "Minsk"]
[Date "2019.08.17"]
[Round "8.1"]
[White "Pidluznij, Gleb"]
[Black "Cherniaiev, Tykhon"]
[Result "1/2-1/2"]
[ECO "D20"]
[WhiteElo "1947"]
[BlackElo "2112"]
[Annotator "ChessBase"]
[PlyCount "64"]
[EventDate "2019.08.16"]
[EventType "swiss"]
[EventCountry "BLR"]
[SourceTitle "playchess.com"]
[Source "ChessBase"]
[SourceQuality "1"]
[TimeControl "600+5"]

1. d4 d5 2. c4 dxc4 3. e3 Nf6 4. Bxc4 e6 5. Nf3 a6 6. a4 b6 7. O-O Bb7 8. Nc3 Nbd7 9. Qe2 c5 10. Rd1 cxd4 11. exd4 Bd6 12. Ng5 Qe7 13. d5 e5 14. Nge4 Nxe4 15. Nxe4 O-O 16. Nxd6 Qxd6 17. b3 Rfe8 18. Ba3 Qg6 19. Rac1 Nf6 20. f3 Nh5 21. Qe4 f5 22. d6+ Kh8 23. Qxb7 Nf4 24. g3 e4 25. Bf7 Qg5 26. Bxe8 Nh3+ 27. Kh1 Qe3 28. Rd2 Qxf3+ 29. Rg2 Nf2+ 30. Kg1 Nh3+ 31. Kh1 Nf2+ 32. Kg1 Nh3+ 1/2-1/2

[Event "3rd FIDE WCCC Rapid U12 2019"]
[Site "Minsk"]
[Date "2019.08.17"]
[Round "8.2"]
[White "Strybuk, Artsiom I"]
[Black "Chyndygyr, Tamerlan"]
[Result "1-0"]
[ECO "A55"]
[WhiteElo "2200"]
[BlackElo "1984"]
[Annotator "ChessBase"]
[PlyCount "139"]
[EventDate "2019.08.16"]
[EventType "swiss"]
[EventCountry "BLR"]
[SourceTitle "playchess.com"]
[Source "ChessBase"]
[SourceQuality "1"]
[TimeControl "600+5"]

1. d4 Nf6 2. c4 d6 3. Nf3 Nbd7 4. Nc3 e5 5. e4 Be7 6. Be2 O-O 7. O-O c6 8. Qc2 a5 9. Rd1 Qc7 10. h3 Re8 11. Be3 Bf8 12. Bf1 exd4 13. Bxd4 Ne5 14. Nxe5 dxe5 15. Be3 Be6 16. Na4 Nd7 17. Rac1 Rad8 18. Be2 Qb8 19. c5 h6 20. Bc4 Bxc4 21. Qxc4 Nf6 22. f3 Be7 23. Qc3 Rxd1+ 24. Rxd1 Rd8 25. Rd2 Rxd2 26. Qxd2 Qd8 27. Kf2 Kf8 28. Ke2 Ke8 29. Qxd8+ Bxd8 30. Kd3 Nh5 31. b3 Bg5 32. g4 Bxe3 33. gxh5 Bd4 34. Nb6 Bxc5 35. Nc4 Kd7 36. Nxe5+ Ke6 37. Nc4 b6 38. a4 g6 39. hxg6 fxg6 40. f4 h5 41. Ke2 Bd4 42. Kf3 Bc5 43. Ne5 g5 44. Nxc6 gxf4 45. Kxf4 h4 46. Na7 Bd6+ 47. Kf3 Bc5 48. Nb5 Ke5 49. Nc7 Bd6 50. Nd5 Bc5 51. Nf4 Kf6 52. Nd3 Be7 53. Kg4 Ke6 54. Kf4 Bd6+ 55. e5 Be7 56. Ke4 Bg5 57. Nf4+ Kd7 58. Nd3 Ke6 59. Ne1 Bd8 60. Nf3 Be7 61. Nd4+ Kd7 62. Kd5 Bc5 63. Nf5 Bf2 64. e6+ Ke8 65. Kc6 Kd8 66. e7+ Ke8 67. Kd6 Bc5+ 68. Ke6 Bxe7 69. Nxe7 Kd8 70. Nd5 1-0

[Event "3rd FIDE WCCC Rapid U12 2019"]
[Site "Minsk"]
[Date "2019.08.17"]
[Round "8.3"]
[White "Saveljev, Ivan"]
[Black "Gavrilov, Maxim"]
[Result "1-0"]
[ECO "B51"]
[WhiteElo "2040"]
[BlackElo "1808"]
[Annotator "NA"]
[PlyCount "55"]
[EventDate "2019.08.16"]
[EventType "swiss"]
[EventCountry "BLR"]
[SourceTitle "playchess.com"]
[Source "ChessBase"]
[SourceQuality "1"]
[TimeControl "600+5"]

1. e4 c5 2. Nf3 d6 3. Bb5+ Nc6 4. O-O Bd7 5. Re1 g6 6. c3 Bg7 7. d4 cxd4 8. cxd4 e6 9. Nc3 Nge7 10. d5 exd5 11. exd5 Ne5 12. Bf4 Bxb5 13. Nxb5 O-O 14. Nxe5 dxe5 15. Bxe5 Nxd5 16. Bd6 Bxb2 17. Rb1 Nc3 18. Nxc3 Bxc3 19. Re3 Rc8 20. Bxf8 Qxf8 21. Rc1 Bb2 22. Rxc8 Qxc8 23. g3 Kg7 24. Qb3 Bf6 25. Qd5 b6 26. Kg2 Qc2 27. Rf3 Qxa2 28. Qxa2 1-0

[Event "3rd FIDE WCCC Rapid U12 2019"]
[Site "Minsk"]
[Date "2019.08.17"]
[Round "8.4"]
[White "Khubukshanov, Erdem"]
[Black "Siniukovich, Ivan"]
[Result "1-0"]
[ECO "C00"]
[WhiteElo "2257"]
[BlackElo "1685"]
[Annotator "ChessBase"]
[PlyCount "99"]
[EventDate "2019.08.16"]
[EventType "swiss"]
[EventCountry "BLR"]
[SourceTitle "playchess.com"]
[Source "ChessBase"]
[SourceQuality "1"]
[TimeControl "600+5"]

1. e4 e6 2. d4 d5 3. Bd3 dxe4 4. Bxe4 Nf6 5. Bf3 c6 6. Ne2 Bd6 7. O-O O-O 8. Nbc3 Nbd7 9. Re1 e5 10. g3 exd4 11. Nxd4 Ne5 12. Bg2 Bg4 13. Qd2 Re8 14. h3 Bh5 15. Nf5 Bc5 16. g4 Bg6 17. Qxd8 Raxd8 18. Be3 Bxf5 19. Bxc5 Bxc2 20. Bxa7 Nd3 21. Rxe8+ Rxe8 22. b3 Nf4 23. Bf1 N6d5 24. Nxd5 Nxd5 25. Bd4 f6 26. Rc1 Bg6 27. a4 Kf7 28. Bc4 Be4 29. a5 Ra8 30. Re1 Bg6 31. f4 h5 32. f5 Bh7 33. b4 hxg4 34. hxg4 g6 35. Re6 Kg7 36. Bxd5 cxd5 37. Re7+ Kh6 38. Bxf6 gxf5 39. g5+ Kg6 40. Rg7+ Kh5 41. Rxh7+ Kg4 42. g6 Kg3 43. Be5+ Kf3 44. g7 Re8 45. Rh8 Rxe5 46. g8=Q Re1+ 47. Kh2 Re2+ 48. Kh3 f4 49. Qxd5+ Kf2 50. Kg4 1-0

[Event "3rd FIDE WCCC Rapid U12 2019"]
[Site "Minsk"]
[Date "2019.08.17"]
[Round "8.5"]
[White "Israfilov, Ali"]
[Black "Abdullayev, Ayat"]
[Result "1/2-1/2"]
[ECO "E91"]
[WhiteElo "1857"]
[BlackElo "1537"]
[Annotator "NA"]
[PlyCount "152"]
[EventDate "2019.08.16"]
[EventType "swiss"]
[EventCountry "BLR"]
[SourceTitle "playchess.com"]
[Source "ChessBase"]
[SourceQuality "1"]
[TimeControl "600+5"]

1. d4 Nf6 2. c4 g6 3. Nc3 Bg7 4. e4 d6 5. Nf3 O-O 6. Be2 Na6 7. O-O e5 8. Re1 Bg4 9. d5 Nc5 10. h3 Bd7 11. Bf1 a5 12. b3 Ne8 13. Be3 b6 14. a3 f5 15. b4 Nxe4 16. Nxe4 fxe4 17. Nd2 Nf6 18. Bg5 axb4 19. axb4 Rxa1 20. Qxa1 Bf5 21. g4 Bd7 22. Nxe4 Qc8 23. Qd1 Nxe4 24. Rxe4 Qe8 25. Bg2 Bf6 26. Bh6 Bg7 27. Bg5 Bf6 28. Be3 Bf5 29. gxf5 gxf5 30. Bh6 fxe4 31. Qg4+ Qg6 32. Qe6+ Qf7 33. Bxf8 Kxf8 34. Qc8+ Kg7 35. Bxe4 Bg5 36. Qg4 Qf4 37. Qd7+ Qf7 38. Qxf7+ Kxf7 39. Bxh7 Bd2 40. b5 Kf6 41. Kg2 Kg5 42. Kg3 Bf4+ 43. Kf3 Kf6 44. Kg4 Bh6 45. Be4 Bf4 46. h4 Bd2 47. Kh5 Bf4 48. Kg4 Bd2 49. Bf5 Bf4 50. Be6 Bd2 51. Kh5 Bf4 52. Kg4 Bd2 53. Kh5 Bf4 54. Kg4 Bd2 55. Kh5 Bf4 56. f3 Bd2 57. Kg4 Bf4 58. Kh3 Bd2 59. Kg2 Bf4 60. Kf1 Bg3 61. h5 Bf4 62. Ke2 Bh6 63. Kd3 Bf4 64. Ke4 Bd2 65. Bg4 Bh6 66. Bh3 Bf4 67. Bf1 Bh6 68. Bd3 Bf4 69. Bc2 Bh6 70. Ba4 Bf4 71. Kd3 Bh6 72. Ke4 Bd2 73. Bc2 Bh6 74. Kd3 Bf4 75. Kc3 Bh6 76. Bg6 Bf4 1/2-1/2

[Event "3rd FIDE WCCC Rapid U12 2019"]
[Site "Minsk"]
[Date "2019.08.17"]
[Round "8.6"]
[White "Hoang, Minh Hieu"]
[Black "Ponomarev, Vsevolod"]
[Result "1-0"]
[ECO "D52"]
[WhiteElo "1848"]
[BlackElo "1980"]
[Annotator "NA"]
[PlyCount "115"]
[EventDate "2019.08.16"]
[EventType "swiss"]
[EventCountry "BLR"]
[SourceTitle "playchess.com"]
[Source "ChessBase"]
[SourceQuality "1"]
[TimeControl "600+5"]

1. d4 d5 2. c4 e6 3. Nc3 Nf6 4. Bg5 Nbd7 5. e3 c6 6. Nf3 Qa5 7. Bxf6 Nxf6 8. Nd2 dxc4 9. Nxc4 Qc7 10. Be2 Be7 11. O-O O-O 12. Rc1 Nd5 13. e4 Nf4 14. Bf3 Rd8 15. g3 Nh3+ 16. Kh1 f6 17. Bg2 Ng5 18. f4 Nf7 19. Qd3 b5 20. Ne3 Qb6 21. Rfd1 Bb7 22. a3 a5 23. Nc2 b4 24. Na4 Qa6 25. Qxa6 Bxa6 26. axb4 axb4 27. Nc5 Bxc5 28. dxc5 b3 29. Nd4 Bb7 30. Nxb3 Rxd1+ 31. Rxd1 Ra2 32. Rb1 e5 33. f5 Ba6 34. Nc1 Ra4 35. b4 g6 36. fxg6 hxg6 37. h4 Bc4 38. Bf3 Ra3 39. Kg2 Rc3 40. Ne2 Rc2 41. Kf2 Bd3 42. Rd1 Bb5 43. Rb1 Bd3 44. Rb3 Bb5 45. Ke3 Kf8 46. Nc3 Bc4 47. Ra3 Rb2 48. Ra8+ Ke7 49. Ra7+ Ke8 50. Bg4 Rxb4 51. Bd7+ Kd8 52. Bxc6 Rb3 53. Kd2 Rb2+ 54. Kc1 Rg2 55. Nd5 Bxd5 56. exd5 Nh6 57. d6 Rg1+ 58. Kc2 1-0

[Event "3rd FIDE WCCC Rapid U12 2019"]
[Site "Minsk"]
[Date "2019.08.17"]
[Round "9.1"]
[White "Cherniaiev, Tykhon"]
[Black "Saveljev, Ivan"]
[Result "1/2-1/2"]
[ECO "B24"]
[WhiteElo "2112"]
[BlackElo "2040"]
[Annotator "ChessBase"]
[PlyCount "62"]
[EventDate "2019.08.16"]
[EventType "swiss"]
[EventCountry "BLR"]
[SourceTitle "playchess.com"]
[Source "ChessBase"]
[SourceQuality "1"]
[TimeControl "600+5"]

1. e4 c5 2. Nc3 Nc6 3. Bb5 g6 4. Bxc6 dxc6 5. Nge2 Bg7 6. d3 Nf6 7. O-O O-O 8. h3 Ne8 9. Be3 b6 10. Qd2 Nc7 11. Bh6 f5 12. Bxg7 Kxg7 13. Rad1 e5 14. f4 exf4 15. Qxf4 Ne6 16. Qg3 Nd4 17. Nf4 Bd7 18. Rf2 Kh8 19. Re1 g5 20. Nh5 f4 21. Qh2 Qe8 22. g4 fxg3 23. Rxf8+ Qxf8 24. Qxg3 Nf3+ 25. Kh1 Nxe1 26. Qe5+ Kg8 27. Qxg5+ Kf7 28. Qf6+ Kg8 29. Qg5+ Kf7 30. Qf6+ Kg8 31. Qg5+ Kf7 1/2-1/2

[Event "3rd FIDE WCCC Rapid U12 2019"]
[Site "Minsk"]
[Date "2019.08.17"]
[Round "9.2"]
[White "Strybuk, Artsiom I"]
[Black "Pidluznij, Gleb"]
[Result "1/2-1/2"]
[ECO "D70"]
[WhiteElo "2200"]
[BlackElo "1947"]
[Annotator "ChessBase"]
[PlyCount "105"]
[EventDate "2019.08.16"]
[EventType "swiss"]
[EventCountry "BLR"]
[SourceTitle "playchess.com"]
[Source "ChessBase"]
[SourceQuality "1"]
[TimeControl "600+5"]

1. d4 Nf6 2. c4 g6 3. Nf3 Bg7 4. g3 O-O 5. Bg2 c5 6. d5 d6 7. O-O b5 8. cxb5 a6 9. bxa6 Bf5 10. Nc3 Ne4 11. Nxe4 Bxe4 12. Nd2 Bxg2 13. Kxg2 Nxa6 14. Nc4 Rb8 15. Rb1 Qd7 16. b3 Nb4 17. a3 Qf5 18. Nd2 Na6 19. e4 Qd7 20. Qc2 Rb7 21. Bb2 Rfb8 22. Bxg7 Kxg7 23. Qc3+ Kg8 24. h4 h5 25. Rfe1 Nc7 26. a4 Rb4 27. Qc2 Qe8 28. Rbd1 Qf8 29. Re3 Qg7 30. Nc4 Qf8 31. e5 R4b7 32. e6 f5 33. Rc3 Na6 34. Na5 Rb6 35. Nc6 Nb4 36. Nxb4 Rxb4 37. Rdd3 Qf6 38. Rc4 R4b6 39. a5 Rb5 40. Ra4 Ra8 41. a6 Rb6 42. Qc4 Qb2 43. Rf3 Qd2 44. Rd3 Qb2 45. Rc3 Rbxa6 46. Rxa6 Rxa6 47. Qxa6 Qxc3 48. Qc8+ Kg7 49. Qe8 Qf6 50. f4 Qb2+ 51. Kh3 Qf6 52. Qd8 Qf8 53. Qc7 1/2-1/2

[Event "3rd FIDE WCCC Rapid U12 2019"]
[Site "Minsk"]
[Date "2019.08.17"]
[Round "9.3"]
[White "Hoang, Minh Hieu"]
[Black "Khubukshanov, Erdem"]
[Result "0-1"]
[ECO "D48"]
[WhiteElo "1848"]
[BlackElo "2257"]
[Annotator "ChessBase"]
[PlyCount "166"]
[EventDate "2019.08.16"]
[EventType "swiss"]
[EventCountry "BLR"]
[SourceTitle "playchess.com"]
[Source "ChessBase"]
[SourceQuality "1"]
[TimeControl "600+5"]

1. d4 d5 2. c4 e6 3. Nc3 c6 4. e3 Nf6 5. Nf3 Nbd7 6. Bd3 dxc4 7. Bxc4 b5 8. Bd3 a6 9. a4 b4 10. Nb1 c5 11. Nbd2 Bb7 12. a5 cxd4 13. exd4 Be7 14. O-O O-O 15. Qe2 Nd5 16. Nc4 N7f6 17. Be3 Nxe3 18. fxe3 Ne4 19. Nfd2 Nxd2 20. Qxd2 Rb8 21. Nb6 Bg5 22. Rfe1 Qd6 23. Qe2 Bd8 24. Nc4 Qe7 25. Qc2 g6 26. Be4 b3 27. Qd3 Bxe4 28. Qxe4 Rb5 29. Rec1 Bc7 30. g3 Bb8 31. Rc3 Bc7 32. Kg2 Rfb8 33. Qc6 Qd8 34. Ra3 Bxa5 35. Nxa5 Rxa5 36. Raxb3 Rxb3 37. Rxb3 Kg7 38. Qf3 Rf5 39. Qe4 Qa5 40. Rc3 Qa1 41. Qd3 Qxb2+ 42. Rc2 Qb7+ 43. e4 Rb5 44. Kh3 Rb3 45. Qe2 Qe7 46. Qxa6 Qf6 47. Qc4 Re3 48. Rd2 Rxe4 49. Kg2 Qg5 50. Rf2 Qd5 51. Qxd5 exd5 52. Rd2 Kf6 53. Kf3 Kf5 54. h3 h5 55. Rd1 f6 56. Rd2 g5 57. Rd1 g4+ 58. hxg4+ hxg4+ 59. Kf2 Re8 60. Kg2 Re2+ 61. Kf1 Re3 62. Kf2 Rf3+ 63. Kg2 Ke4 64. Rd2 f5 65. Rd1 Rd3 66. Rf1 Rd2+ 67. Kg1 Rxd4 68. Rf4+ Ke5 69. Rf2 Rd3 70. Kg2 d4 71. Re2+ Re3 72. Ra2 Ke4 73. Rf2 d3 74. Rf4+ Ke5 75. Rf2 Re2 76. Rxe2+ dxe2 77. Kf2 Kd4 78. Kxe2 Ke4 79. Kf2 Kd3 80. Kf1 Ke3 81. Kg1 Kf3 82. Kh2 Kf2 83. Kh1 Kxg3 0-1

[Event "3rd FIDE WCCC Rapid U12 2019"]
[Site "Minsk"]
[Date "2019.08.17"]
[Round "9.4"]
[White "Tobak, Mikhail"]
[Black "Israfilov, Ali"]
[Result "0-1"]
[ECO "B40"]
[WhiteElo "1998"]
[BlackElo "1857"]
[Annotator "NA"]
[PlyCount "114"]
[EventDate "2019.08.16"]
[EventType "swiss"]
[EventCountry "BLR"]
[SourceTitle "playchess.com"]
[Source "ChessBase"]
[SourceQuality "1"]
[TimeControl "600+5"]

1. e4 c5 2. Nf3 e6 3. d3 d5 4. Nbd2 g6 5. g3 Bg7 6. Bg2 Nf6 7. O-O O-O 8. c3 Nc6 9. Qc2 {[%emt 0:00:02] A08: King's Indian Attack} (9. Re1 a5 10. a4 b6 11. exd5 exd5 12. Nf1 h6 13. Bf4 Nh5 14. Ne5 Bb7 15. Nxc6 Bxc6 16. Be5 Bxe5 17. Rxe5 Qd6 {½-½ (46) Fressinet,L (2717)-Vitiugov,N (2742) Dubai 2014}) 9... a5 10. a4 b6 11. Rd1 Ba6 12. Nf1 Rc8 13. Ne3 $146 ({Predecessor:} 13. Bf4 Re8 14. Ne5 Bb7 15. Nxc6 Bxc6 16. Qb3 h6 {0-1 (56) Heydarova,A (1850)-Goltseva,E (2214) Mamaia 2017}) 13... Qe7 14. Bf1 Rfd8 15. Re1 d4 16. Nc4 dxc3 17. bxc3 Bxc4 18. dxc4 Nd7 19. Bg5 Bf6 20. Bf4 Nde5 21. Nxe5 Bxe5 22. Be3 Bg7 23. Rab1 Qc7 24. f4 Rd7 25. e5 Rcd8 26. Rb2 Bh6 27. Qe2 Ne7 28. Reb1 Nf5 29. Bf2 g5 30. Bh3 gxf4 31. gxf4 Kh8 32. Bxf5 exf5 33. Bg3 Rg8 34. Kf2 Rg6 35. Rd2 Rxd2 36. Qxd2 Qc6 37. Ra1 (37. Rb5 $11) 37... Qe4 38. Rd1 Qxc4 39. Bh4 Bf8 40. Bf6+ Kg8 41. Rg1 Qxa4 $19 42. h4 Qe4 43. h5 Rxg1 44. Kxg1 Qf3 45. Qd8 Qg3+ 46. Kh1 Qf3+ 47. Kg1 Qg4+ 48. Kf2 Qxf4+ 49. Ke2 Qg4+ 50. Kd2 Qxh5 51. Qd3 Qg6 52. Kc2 f4 53. Qxg6+ hxg6 54. Kd3 a4 55. c4 Bg7 56. Bd8 Bxe5 57. Bxb6 a3 0-1

[Event "3rd FIDE WCCC Rapid U12 2019"]
[Site "Minsk"]
[Date "2019.08.17"]
[Round "9.5"]
[White "Chyndygyr, Tamerlan"]
[Black "Kopylov, Artem"]
[Result "1/2-1/2"]
[ECO "D15"]
[WhiteElo "1984"]
[BlackElo "1901"]
[Annotator "NA"]
[PlyCount "156"]
[EventDate "2019.08.16"]
[EventType "swiss"]
[EventCountry "BLR"]
[SourceTitle "playchess.com"]
[Source "ChessBase"]
[SourceQuality "1"]
[TimeControl "600+5"]

1. d4 d5 2. c4 c6 3. Nf3 Nf6 4. Nc3 a6 5. cxd5 cxd5 6. Bf4 e6 7. e3 Nc6 8. h3 Bd6 $11 9. Ne5 O-O 10. Bd3 Qc7 11. Nxc6 Bxf4 12. Nb4 Bd6 13. Nc2 b5 14. O-O Bb7 15. Rc1 Qe7 16. Qe2 Rac8 17. f3 Bb8 18. Na1 e5 19. Nb3 e4 20. Bb1 exf3 21. gxf3 Bd6 22. e4 dxe4 23. fxe4 b4 24. e5 bxc3 25. Qd3 Ne4 26. exd6 Qg5+ 27. Kh2 g6 28. bxc3 Nxd6 29. Qg3 Qd5 30. Nc5 Bc6 31. Rce1 Rfe8 32. Nxa6 Bb5 33. Nb4 Qh5 34. Rg1 Nc4 35. Bd3 Nd2 36. Rxe8+ Rxe8 37. Bxb5 Qxb5 38. Qf4 Qe2+ 39. Kh1 Nf3 40. Nd5 Nxg1 41. Nf6+ Kg7 42. Nxe8+ Qxe8 43. Kxg1 Qe1+ 44. Kg2 Qxc3 45. Qe5+ Kg8 46. Qe8+ Kg7 47. Qd7 Qd2+ 48. Kg3 Qxa2 49. d5 Qb3+ 50. Kf4 Qc4+ 51. Ke5 Qe2+ 52. Kd6 Qh2+ 53. Ke7 Qe5+ 54. Kd8 Qb8+ 55. Qc8 Qd6+ 56. Qd7 Qb8+ 57. Ke7 Qe5+ 58. Kd8 Qb8+ 59. Qc8 Qd6+ 60. Qd7 Qb8+ 61. Ke7 Qe5+ 62. Kd8 Qb8+ 63. Qc8 Qd6+ 64. Qd7 Qb8+ 65. Ke7 Qe5+ 66. Kd8 Qb8+ 67. Qc8 Qd6+ 68. Qd7 Qxd7+ 69. Kxd7 f5 70. Ke8 f4 71. d6 f3 72. d7 f2 73. d8=Q f1=Q 74. Qe7+ Kh6 75. Qh4+ Kg7 76. Qe7+ Kh6 77. Qh4+ Kg7 78. Qe7+ Kh6 1/2-1/2

[Event "3rd FIDE WCCC Rapid U12 2019"]
[Site "Minsk"]
[Date "2019.08.17"]
[Round "9.6"]
[White "Abdullayev, Ayat"]
[Black "Mokhtari Moghadam, Taha"]
[Result "0-1"]
[ECO "B13"]
[WhiteElo "1537"]
[BlackElo "1745"]
[Annotator "NA"]
[PlyCount "80"]
[EventDate "2019.08.16"]
[EventType "swiss"]
[EventCountry "BLR"]
[SourceTitle "playchess.com"]
[Source "ChessBase"]
[SourceQuality "1"]
[TimeControl "600+5"]

1. e4 c6 2. d4 d5 3. exd5 cxd5 4. Bd3 Nc6 5. c3 Nf6 6. Bf4 Bg4 7. Qb3 Qd7 8. Nd2 e6 9. Ngf3 Bd6 10. Bxd6 Qxd6 11. O-O O-O 12. Rae1 Nd7 13. Qd1 h6 14. h3 Bxf3 15. Nxf3 Rab8 16. Qe2 Rfd8 17. Ne5 Ncxe5 18. dxe5 Qe7 19. Bb1 b5 20. Qd3 Nf8 21. f4 g6 22. g4 Qc5+ 23. Kh1 d4 24. cxd4 Qxd4 25. Qg3 Rbc8 26. f5 Qxb2 27. Qh4 Rd2 28. Qg3 Rc3 29. Rf3 Rc1 30. Rff1 Rc3 31. Rf3 Rxf3 32. Qxf3 Rf2 33. Qg3 Qd2 34. Rg1 Qd5+ 35. Rg2 Rf1+ 36. Kh2 Rxb1 37. f6 Qd1 38. Rg1 Qxg1+ 39. Qxg1 Rxg1 40. Kxg1 Nd7 0-1